 Dungeon Crawl Stone Soup version 0.22.0-25-g7663229 (webtiles) character file.

56 nubinia the Conjurer (level 3, 0/26 HPs)
             Began as a Draconian Conjurer on Aug 20, 2018.
             Hit by a goblin thrown by Robin (1 damage)
             ... on level 2 of the Dungeon.
             The game lasted 00:06:06 (1915 turns).

nubinia the Conjurer (Draconian Conjurer)           Turns: 1915, Time: 00:06:07

Health: 0/26       AC:  5    Str: 10    XL:     3   Next: 71%
Magic:  3/6        EV: 12    Int: 16    God:
Gold:   62         SH:  0    Dex: 11    Spells: 2/6 levels left

rFire    . . .     SeeInvis .   a - +0 club
rCold    . . .     Gourm    .   (no shield)
rNeg     . . .     Faith    .   (armour unavailable)
rPois    .         Spirit   .   (helmet restricted)
rElec    .         Reflect  .   (no cloak)
rCorr    .         Harm     .   (no gloves)
MR       .....                  (no boots)
Stlth    +++.......             (no amulet)
HPRegen  0.08/turn              c - ring of stealth
MPRegen  0.10/turn              (no ring)

@: no status effects
A: unfitting armour, cold-blooded, AC +5
a: no special abilities


You were on level 2 of the Dungeon.
You were not hungry.

You visited 1 branch of the dungeon, and saw 2 of its levels.

You collected 62 gold pieces.

Inventory:

Hand Weapons
 a - a +0 club (weapon)
Jewellery
 c - a ring of stealth (left hand)
Scrolls
 d - 2 scrolls of identify
 k - a scroll of enchant armour
 m - a scroll of enchant weapon {unknown}
Potions
 e - a potion of might {unknown}
 g - 2 potions of lignification {unknown}
 h - a potion of heal wounds {unknown}
 i - a potion of degeneration {unknown}
Comestibles
 b - 3 rations


   Skills:
 + Level 0.1 Fighting
 + Level 1.9 Dodging
 + Level 2.1 Stealth
 + Level 2.4 Spellcasting
 + Level 4.9 Conjurations


You had 2 spell levels left.
You knew the following spells:

 Your Spells              Type           Power        Failure   Level  Hunger
a - Magic Dart            Conj           ###.         2%          1    #......
b - Dazzling Spray        Conj/Hex       #.....       22%         3    ###....

Your spell library contained the following spells:

 Spells                   Type           Power        Failure   Level  Hunger
 Searing Ray              Conj           ###...       4%          2    ###....
 Iskenderun's Mystic Bla  Conj           ###.....     26%         4    #####..
 Force Lance              Conj/Tloc      #.......     56%         4    #####..
 Fulminant Prism          Conj/Hex       #.........   56%         4    #####..


Dungeon Overview and Level Annotations

Branches:
Dungeon (2/15)

Altars:
Okawaru
Yredelemnul

Annotations:
D:2 Natasha, Robin


Innate Abilities, Weirdness & Mutations

Your plain brown scales are hard. (AC +5)
You cannot fit into any form of body armour.
You are cold-blooded and may be slowed by cold attacks.


Message History

Robin is heavily wounded.
Robin hits you with a mace of crushing.
You hit Robin.
Robin is severely wounded.
Robin says, "My army is invincible!"
Robin throws the goblin at you! The goblin closely misses you.
You hit Robin.
Robin is almost dead.
Robin hits you with a mace of crushing.
* * * LOW HITPOINT WARNING * * *
The goblin hits you.
* * * LOW HITPOINT WARNING * * *
A goblin comes into view. It is wielding a whip.
The goblin hits you.
* * * LOW HITPOINT WARNING * * *
Robin misses you. The goblin closely misses you.
The goblin no longer looks unusually strong.
Robin throws the goblin at you!
You die...

#..# #..##
#...#######
#.........#
#...#####.#
#..## #.# ##.#
#.# #.# #g# #.#
#@# #.# #.#
#..#####.#
#.#....g.#
######.#g.#####
#...........#
#.######.##.#
#.#...#
###.g...


You could see Robin and a goblin.

Vanquished Creatures
  An adder (D:2)
  A worm (D:2)
  A dart slug (D:2)
  2 bats
  A giant cockroach (D:1)
  5 goblins (D:1)
  7 hobgoblins
  4 jackals (D:1)
  3 frilled lizards
  8 kobolds
  5 rats
38 creatures vanquished.

Notes
Turn   | Place    | Note
-------+----------+-------------------------------------------
     0 | D:1      | nubinia the Draconian Conjurer began the quest for the Orb.
     0 | D:1      | Reached XP level 1. HP: 14/14 MP: 3/3
   259 | D:1      | Reached XP level 2. HP: 20/20 MP: 0/5
   800 | D:1      | Reached XP level 3. HP: 26/26 MP: 1/6
   860 | D:1      | Learned a level 3 spell: Dazzling Spray
  1405 | D:2      | Found an iron altar of Okawaru.
  1491 | D:2      | Noticed Natasha
  1892 | D:2      | Found a basalt altar of Yredelemnul.
  1892 | D:2      | Noticed Robin
  1912 | D:2      | HP: 1/26 [goblin[Robin] (5)]
  1915 | D:2      | Hit by a goblin thrown by Robin

Skill      XL: |  1  2  3 |
---------------+----------+-----
Stealth        | 2 |  2.1
Fighting       | |  0.1
Dodging        | |  1.9
Spellcasting   | |  2.4
Conjurations   | |  4.9

Action                   || total
-------------------------++-------
Melee: Club              ||    24
       Tailslap          ||     4
       Unarmed           ||     2
 Cast: Magic Dart        ||    81
  Use: Scroll            ||     3
 Stab: Sleeping          ||     1
  Eat: Chunk             ||     4
Armor: Skin              ||     5
Dodge: Dodged            ||    20
